SAAA
SALT LAKE CITY BUZZ @ KEY WEST CORAL REEFERS
09/03/2033
 
TOP OF THE 1ST
Salt Lake City Buzz batting - Pitching for Key West Coral Reefers : RHP Manuel Sánchez
Pitching: RHP Manuel Sánchez
Batting: RHB Yoichibei Chikafuji 0-0: Ball
1-0: Swinging Strike
1-1: Ball
2-1: Ball
3-1: Base on Balls
Batting: RHB Germán Espantoso 0-0: Called Strike
0-1: Called Strike
Yoichibei Chikafuji steals 2nd base
0-2: Ball
1-2: Ball
2-2: Ball
3-2: Fly out, F4 (Line Drive, 4)
Batting: RHB Giobbe Bastedo 0-0: Ball
1-0: Ball
2-0: Ground out 6-3 (Groundball, 6)
Yoichibei Chikafuji to third
Batting: RHB Luo-lang Li 0-0: Ball
1-0: Ball
2-0: Ball
3-0: Called Strike
3-1: Foul Ball, location: 2F
3-2: Base on Balls
Batting: RHB Fytor Ceia 0-0: Called Strike
0-1: Ball
1-1: Ball
2-1: Swinging Strike
2-2: Foul Ball, location: 2F
2-2: Ball
3-2: Strikes out looking
Top of the 1st over - 0 runs, 0 hits, 0 errors, 2 left on base; Salt Lake City 0 - Key West 0
BOTTOM OF THE 1ST
Key West Coral Reefers batting - Pitching for Salt Lake City Buzz : RHP Matko Perisc
Pitching: RHP Matko Perisc
Batting: LHB Landon Harryman 0-0: Called Strike
0-1: Foul Ball, location: 2F
0-2: Ball
1-2: Ball
2-2: SINGLE (Line Drive, 7S)
Batting: LHB Edgar Castaneda 0-0: Called Strike
0-1: Ball
1-1: Swinging Strike
1-2: Fly out, F9 (Flyball, 89S)
Batting: RHB Petri Kallio 0-0: Ball
1-0: Ball
2-0: Called Strike
2-1: SINGLE (Line Drive, 56D)
Landon Harryman to second
Batting: SHB Juan Carlos Santos 0-0: SINGLE (Line Drive, 7S)
Landon Harryman to third
Petri Kallio to second
Runner from 3rd tries for Home, SAFE, no throw
Batting: RHB Arturo Scantlebury 0-0: Foul Ball, location: 2F
0-1: Called Strike
Juan Carlos Santos is caught stealing 2nd base
0-2: Ball
Wild Pitch!
Petri Kallio scores
1-2: Foul Ball, location: 2F
1-2: SINGLE (Groundball, 4MD)
Batting: RHB Juan Martínez 0-0: Ball
1-0: Ball
2-0: Ball
3-0: Called Strike
3-1: SINGLE (Groundball, 6MD)
Arturo Scantlebury to second
Batting: RHB Craig Tricket 0-0: Fly out, F5 (Line Drive, 5)
Bottom of the 1st over - 2 runs, 5 hits, 0 errors, 2 left on base; Salt Lake City 0 - Key West 2
TOP OF THE 2ND
Salt Lake City Buzz batting - Pitching for Key West Coral Reefers : RHP Manuel Sánchez
Batting: RHB Vicente Cruz 0-0: Ball
1-0: Foul Ball, location: 2F
1-1: Foul Ball, location: 2F
1-2: Foul Ball, location: 2F
1-2: Ball
2-2: Ball
3-2: Foul Ball, location: 2F
3-2: Base on Balls
Batting: RHB Fontana Contaldo 0-0: Called Strike
0-1: Ball
1-1: Foul Ball, location: 2F
1-2: Fly out, F3 (Popup, 3SF)
Batting: RHB Alejandro Herrera 0-0: Ball
1-0: Foul Ball, location: 2F
1-1: Foul Ball, location: 2F
1-2: Strikes out swinging
Batting: RHB Chan-Wook Park 0-0: Called Strike
Vicente Cruz steals 2nd base
0-1: Fly out, F8 (Flyball, 8LM)
Top of the 2nd over - 0 runs, 0 hits, 0 errors, 1 left on base; Salt Lake City 0 - Key West 2
BOTTOM OF THE 2ND
Key West Coral Reefers batting - Pitching for Salt Lake City Buzz : RHP Matko Perisc
Batting: RHB Ed Lastinger 0-0: Fly out, F8 (Flyball, 78D)
Batting: RHB Jarred Cobb 0-0: Called Strike
0-1: Ball
1-1: Ball
2-1: Swinging Strike
2-2: Strikes out swinging
Batting: LHB Landon Harryman 0-0: Ground out 4-3 (Groundball, 4D)
Bottom of the 2nd over - 0 runs, 0 hits, 0 errors, 0 left on base; Salt Lake City 0 - Key West 2
TOP OF THE 3RD
Salt Lake City Buzz batting - Pitching for Key West Coral Reefers : RHP Manuel Sánchez
Batting: RHB Yoichibei Chikafuji 0-0: Called Strike
0-1: Ground out 6-3 (Groundball, 56)
Batting: RHB Germán Espantoso 0-0: Ball
1-0: Ground out 4-3 (Groundball, 4)
Batting: RHB Giobbe Bastedo 0-0: Ball
1-0: Ball
2-0: Ball
3-0: Base on Balls
Batting: RHB Luo-lang Li 0-0: Fly out, F8 (Flyball, 8LXD)
Top of the 3rd over - 0 runs, 0 hits, 0 errors, 1 left on base; Salt Lake City 0 - Key West 2
BOTTOM OF THE 3RD
Key West Coral Reefers batting - Pitching for Salt Lake City Buzz : RHP Matko Perisc
Batting: LHB Edgar Castaneda 0-0: Fly out, F8 (Flyball, 8RM)
Batting: RHB Petri Kallio 0-0: Ball
1-0: Ball
2-0: Foul Ball, location: 2F
2-1: SINGLE (Groundball, 6D)
Batting: SHB Juan Carlos Santos 0-0: Called Strike
0-1: Foul Ball, location: 2F
0-2: Ball
1-2: Ball
2-2: Ground out 3-1 (Groundball, 34S)
Petri Kallio to second
Batting: RHB Arturo Scantlebury 0-0: SINGLE (Groundball, 6MD)
Petri Kallio to third
Runner from 3rd tries for Home, SAFE, no throw
Batting: RHB Juan Martínez 0-0: Ball
1-0: Ground out 4-3 (Groundball, 4)
Bottom of the 3rd over - 1 run, 2 hits, 0 errors, 1 left on base; Salt Lake City 0 - Key West 3
TOP OF THE 4TH
Salt Lake City Buzz batting - Pitching for Key West Coral Reefers : RHP Manuel Sánchez
Batting: RHB Fytor Ceia 0-0: Ball
1-0: Called Strike
1-1: Ball
2-1: Foul Ball, location: 2F
2-2: Ball
3-2: Strikes out swinging
Batting: RHB Vicente Cruz 0-0: Ball
1-0: Ball
2-0: Ball
3-0: Base on Balls
Batting: RHB Fontana Contaldo 0-0: Ball
1-0: Ball
2-0: Ball
3-0: Called Strike
3-1: Ground out 5-3 (Groundball, 56S)
Vicente Cruz to second
Batting: RHB Alejandro Herrera 0-0: Called Strike
0-1: Foul Ball, location: 2F
0-2: Ball
1-2: Ball
2-2: Ball
3-2: Base on Balls
Batting: RHB Chan-Wook Park 0-0: Ball
1-0: Called Strike
1-1: Foul Ball, location: 2F
1-2: DOUBLE (Line Drive, 89D)
Vicente Cruz scores
Alejandro Herrera to third
Runner from 3rd tries for Home, SAFE, no throw
Batting: RHB Yoichibei Chikafuji 0-0: Ball
1-0: Called Strike
1-1: Ball
2-1: Swinging Strike
2-2: Foul Ball, location: 2F
2-2: Ball
3-2: Base on Balls
Batting: RHB Germán Espantoso 0-0: Called Strike
0-1: Ball
1-1: Ball
2-1: Ground out 4-3 (Groundball, 4M)
Top of the 4th over - 2 runs, 1 hit, 0 errors, 2 left on base; Salt Lake City 2 - Key West 3
BOTTOM OF THE 4TH
Key West Coral Reefers batting - Pitching for Salt Lake City Buzz : RHP Matko Perisc
Batting: RHB Craig Tricket 0-0: Ball
1-0: Ball
2-0: Ground out 6-3 (Groundball, 6)
Batting: RHB Ed Lastinger 0-0: Called Strike
0-1: Ball
1-1: Ball
2-1: Foul Ball, location: 2F
2-2: Fly out, F9 (Flyball, 89M)
Batting: RHB Jarred Cobb 0-0: Foul Ball, location: 2F
0-1: Foul Ball, location: 2F
0-2: Foul Ball, location: 2F
0-2: Ball
1-2: Ball
2-2: Ground out 6-3 (Groundball, 6)
Bottom of the 4th over - 0 runs, 0 hits, 0 errors, 0 left on base; Salt Lake City 2 - Key West 3
TOP OF THE 5TH
Salt Lake City Buzz batting - Pitching for Key West Coral Reefers : RHP Manuel Sánchez
Batting: RHB Giobbe Bastedo 0-0: Called Strike
0-1: Ball
1-1: Foul Ball, location: 2F
1-2: Ball
2-2: Foul Ball, location: 2F
2-2: Ground out 6-3 (Groundball, 6M)
Pitching: LHP Marvin Wasmund
Batting: RHB Luo-lang Li 0-0: Ball
1-0: Fly out, F7 (Flyball, 7S)
Batting: RHB Fytor Ceia 0-0: Ball
1-0: Ground out U3 (Groundball, 3L)
Top of the 5th over - 0 runs, 0 hits, 0 errors, 0 left on base; Salt Lake City 2 - Key West 3
BOTTOM OF THE 5TH
Key West Coral Reefers batting - Pitching for Salt Lake City Buzz : RHP Matko Perisc
Batting: LHB Landon Harryman 0-0: Ball
1-0: Ball
2-0: Called Strike
2-1: DOUBLE (Line Drive, 8RD)
Batting: LHB Edgar Castaneda 0-0: Ball
1-0: Foul Ball, location: 2F
1-1: Foul Ball, location: 2F
1-2: Ball
2-2: Ball
Wild Pitch!
Landon Harryman to third
3-2: Ground out 4-3 (Groundball, 4)
Landon Harryman scores
Batting: RHB Petri Kallio 0-0: Ball
1-0: Called Strike
1-1: Called Strike
1-2: Ground out 5-3 (Groundball, 56S)
Batting: SHB Juan Carlos Santos 0-0: Ball
1-0: Ball
2-0: Ball
3-0: Base on Balls
Pitching: RHP Shotaro Sugahara
Batting: RHB Arturo Scantlebury 0-0: Fielders Choice at 2nd, 6-4 (Groundball, 6)
Bottom of the 5th over - 1 run, 1 hit, 0 errors, 1 left on base; Salt Lake City 2 - Key West 4
TOP OF THE 6TH
Salt Lake City Buzz batting - Pitching for Key West Coral Reefers : LHP Marvin Wasmund
Batting: RHB Vicente Cruz 0-0: Fly out, F8 (Flyball, 8RS)
Batting: RHB Fontana Contaldo 0-0: Swinging Strike
0-1: Ball
1-1: Ball
2-1: Foul Ball, location: 2F
2-2: Foul Ball, location: 2F
2-2: Strikes out swinging
Batting: RHB Alejandro Herrera 0-0: Ball
1-0: Ball
2-0: Called Strike
2-1: Called Strike
2-2: TRIPLE (Line Drive, 89XD)
Batting: RHB Chan-Wook Park 0-0: Ball
1-0: Ball
2-0: Ball
3-0: Called Strike
3-1: Ground out 6-3 (Groundball, 6)
Top of the 6th over - 0 runs, 1 hit, 0 errors, 1 left on base; Salt Lake City 2 - Key West 4
BOTTOM OF THE 6TH
Key West Coral Reefers batting - Pitching for Salt Lake City Buzz : RHP Shotaro Sugahara
Batting: RHB Juan Martínez 0-0: Fly out, F9 (Flyball, 89S)
Batting: RHB Craig Tricket 0-0: Called Strike
0-1: Called Strike
0-2: Foul Ball, location: 2F
0-2: Ball
1-2: Ball
2-2: Fly out, F9 (Flyball, 9)
Batting: RHB Ed Lastinger 0-0: Ball
1-0: SINGLE (Line Drive, 56)
Batting: RHB Jarred Cobb 0-0: Called Strike
0-1: Ball
1-1: Ball
2-1: SINGLE (Groundball, 56D)
Ed Lastinger to second
Batting: LHB Landon Harryman 0-0: Ball
1-0: Called Strike
1-1: Swinging Strike
1-2: Foul Ball, location: 2F
1-2: Strikes out swinging
Bottom of the 6th over - 0 runs, 2 hits, 0 errors, 2 left on base; Salt Lake City 2 - Key West 4
TOP OF THE 7TH
Salt Lake City Buzz batting - Pitching for Key West Coral Reefers : LHP Marvin Wasmund
Batting: RHB Yoichibei Chikafuji 0-0: Ball
1-0: Ball
2-0: Ball
3-0: Base on Balls
Batting: RHB Germán Espantoso 0-0: Called Strike
0-1: Called Strike
0-2: Ball
1-2: Ball
2-2: Fielders Choice at 2nd, 1-6 (Groundball, P)
Batting: RHB Giobbe Bastedo 0-0: Called Strike
0-1: Called Strike
0-2: Ball
1-2: SINGLE (Groundball, 6MD)
Germán Espantoso to second
Batting: RHB Luo-lang Li 0-0: Fly out, F4 (Popup, 4MD)
Batting: RHB Fytor Ceia 0-0: Ball
1-0: Ball
2-0: Ball
3-0: Called Strike
3-1: 3-RUN HOME RUN (Flyball, 7D), Distance : 410 ft
Pitching: RHP Greg Rook
Batting: RHB Vicente Cruz 0-0: Ball
1-0: Called Strike
1-1: Foul Ball, location: 2F
1-2: Ball
2-2: Foul Ball, location: 2F
2-2: Strikes out swinging
Top of the 7th over - 3 runs, 2 hits, 0 errors, 0 left on base; Salt Lake City 5 - Key West 4
BOTTOM OF THE 7TH
Key West Coral Reefers batting - Pitching for Salt Lake City Buzz : RHP Shotaro Sugahara
Batting: LHB Edgar Castaneda 0-0: Foul Ball, location: 2F
0-1: Ball
1-1: Foul Ball, location: 2F
1-2: Strikes out swinging
Batting: RHB Petri Kallio 0-0: Ball
1-0: Foul Ball, location: 2F
1-1: Ball
2-1: Ground out 1-3 (Groundball, P)
Batting: SHB Juan Carlos Santos 0-0: SINGLE (Line Drive, 34)
Pinch Runner at 1st Juan Torres:
Batting: RHB Arturo Scantlebury 0-0: Called Strike
0-1: Called Strike
Juan Torres steals 2nd base
0-2: Strikes out looking
Bottom of the 7th over - 0 runs, 1 hit, 0 errors, 1 left on base; Salt Lake City 5 - Key West 4
TOP OF THE 8TH
Salt Lake City Buzz batting - Pitching for Key West Coral Reefers : RHP Greg Rook
Batting: RHB Fontana Contaldo 0-0: SINGLE (Line Drive, 7LS)
Batting: RHB Alejandro Herrera 0-0: Sac Bunt - play at first, batter OUT! 1-4
Fontana Contaldo to second
Batting: RHB Chan-Wook Park 0-0: Foul Ball, location: 2F
0-1: Ball
1-1: Foul Ball, location: 2F
1-2: Ball
2-2: Ball
3-2: Strikes out looking
Batting: RHB Yoichibei Chikafuji 0-0: Called Strike
0-1: Swinging Strike
0-2: Ground out 4-3 (Groundball, 4)
Top of the 8th over - 0 runs, 1 hit, 0 errors, 1 left on base; Salt Lake City 5 - Key West 4
BOTTOM OF THE 8TH
Key West Coral Reefers batting - Pitching for Salt Lake City Buzz : RHP Shotaro Sugahara
Batting: RHB Juan Martínez 0-0: Ball
1-0: Ball
2-0: Called Strike
2-1: Ground out 4-3 (Groundball, 34)
Batting: RHB Craig Tricket 0-0: Called Strike
0-1: Swinging Strike
0-2: Ball
1-2: SINGLE (Line Drive, 7S)
Batting: RHB Ed Lastinger 0-0: Called Strike
0-1: Ball
1-1: Fly out, F4 (Popup, 4MD)
Batting: RHB Jarred Cobb 0-0: Ball
1-0: Called Strike
1-1: Foul Ball, location: 2F
1-2: Ground out 4-3 (Groundball, 4)
Bottom of the 8th over - 0 runs, 1 hit, 0 errors, 1 left on base; Salt Lake City 5 - Key West 4
TOP OF THE 9TH
Salt Lake City Buzz batting - Pitching for Key West Coral Reefers : RHP Greg Rook
Pitching: RHP Ricky O'Toole
Batting: RHB Germán Espantoso 0-0: Ball
1-0: Called Strike
1-1: Swinging Strike
1-2: Strikes out swinging
Batting: RHB Giobbe Bastedo 0-0: Fly out, F5 (Line Drive, 5)
Batting: RHB Luo-lang Li 0-0: Ball
1-0: Ball
2-0: Called Strike
2-1: Reached on error, E6 (Groundball, 6)
Batting: RHB Fytor Ceia 0-0: Called Strike
0-1: Ball
1-1: Called Strike
1-2: Foul Ball, location: 2F
1-2: Strikes out swinging
Top of the 9th over - 0 runs, 0 hits, 1 error, 1 left on base; Salt Lake City 5 - Key West 4
BOTTOM OF THE 9TH
Key West Coral Reefers batting - Pitching for Salt Lake City Buzz : RHP Shotaro Sugahara
Pitching: RHP Luis Bejarano
Now in RF: James Cooper
Batting: LHB Landon Harryman 0-0: Ball
1-0: Ball
2-0: Foul Ball, location: 2F
2-1: Ground out 4-3 (Groundball, 4)
Batting: LHB Edgar Castaneda 0-0: Called Strike
0-1: Foul Ball, location: 2F
0-2: Ball
1-2: Fly out, F9 (Flyball, 89S)
Batting: RHB Petri Kallio 0-0: Ball
1-0: Called Strike
1-1: Foul Ball, location: 2F
1-2: Ball
2-2: Foul Ball, location: 2F
2-2: SINGLE (Groundball, 5D)
Batting: SHB Juan Torres 0-0: Foul Ball, location: 2F
0-1: Ball
1-1: Ball
2-1: Swinging Strike
2-2: Strikes out swinging, 2-3 out at first.
Bottom of the 9th over - 0 runs, 1 hit, 0 errors, 1 left on base; Salt Lake City 5 - Key West 4
Saturday, December 22nd, 2018 - OOTP Baseball 18.8 Build 76